Map: [ESL] Alcyone

Players

cyan - Winner!

  • Race: Protoss Protoss
  • League: Grandmaster
  • Spawn Location: 7:00

ONSYDERyung (Ryung)

  • Race: Terran Terran
  • Spawn Location: 1:00

Event: IEM Katowice 2024

VOD

Have the link to the VOD?

Description

Time

  • Played on: Dec. 6, 2023, 5:55 a.m.
  • Length: 11:21

All games in this series

Show
View Real Time Build Order
Export as new Build Order

cyan Protoss - Winner!

Build Orders: 1 Gate Expand, Blink Stalkers 

Get SALT Encoding   

  12  0:00  Probe  
  13  0:12  Probe  
  14  0:17  Pylon  
  14  0:24  Probe (Chrono Boost)  
  15  0:36  Probe (Chrono Boost)  
  15  0:37  Gateway  
  16  0:44  Probe (Chrono Boost)  
  16  0:45  Assimilator  
  17  0:51  Probe  
  18  1:03  Probe  
  19  1:15  Probe  
  20  1:21  Nexus  
  20  1:32  Cybernetics Core  
  20  1:34  Probe  
  20  1:39  Assimilator  
  21  1:46  Probe  
  22  1:50  Pylon  
  22  1:58  Probe  
  23  2:06  Adept (Chrono Boost)  
  23  2:09  Warp Gate  
  23  2:10  Probe  
  26  2:19  Twilight Council  
  26  2:23  Probe  
  26  2:29  Stalker  
  29  2:33  Probe  
  29  2:35  Probe (Chrono Boost)  
  31  2:45  Probe (Chrono Boost)  
  31  2:48  Probe (Chrono Boost)  
  31  2:50  Blink (Chrono Boost)  
  33  2:55  Probe (Chrono Boost)  
  33  2:56  Probe (Chrono Boost)  
  35  3:02  Gateway, Probe  
  36  3:06  Probe  
  36  3:10  Sentry  
  39  3:14  Probe  
  39  3:18  Probe, Pylon  
  41  3:26  Probe  
  42  3:29  Robotics Facility  
  42  3:31  Probe  
  43  3:35  Pylon  
  43  3:39  Probe  
  44  3:43  Probe  
  45  3:51  Probe  
  45  3:53  Gateway  
  46  3:56  Stalker  
  46  3:57  Stalker  
  46  3:58  Probe  
  50  4:03  Probe  
  50  4:08  Nexus  
  51  4:12  Probe  
  51  4:14  Pylon  
  52  4:18  Observer, Probe  
  52  4:20  Stalker  
  52  4:23  Stalker  
  58  4:25  Pylon  
  58  4:27  Probe  
  59  4:31  Assimilator  
  59  4:33  Assimilator, Probe  
  59  4:37  Pylon  
  60  4:39  Probe  
  61  4:48  Stalker  
  61  4:49  Stalker  
  65  4:53  Probe  
  65  4:55  Immortal (Chrono Boost)  
  70  5:00  Shield Battery  
  70  5:02  Probe  
  70  5:05  Shield Battery  
  71  5:07  Pylon  
  71  5:09  Probe  
  71  5:11  Charge  
  71  5:13  Observer  
  71  5:14  Probe  
  73  5:16  Observer  
  73  5:18  Gateway  
  73  5:22  Probe  
  74  5:29  Gateway  
  74  5:31  Probe  
  75  5:36  Immortal (Chrono Boost), Robotics Bay  
  75  5:40  Probe x2  
  81  5:48  Probe  
  82  5:54  Probe  
  82  5:55  Sentry, Zealot  
  87  5:58  Forge, Probe  
  87  5:59  Pylon  
  88  6:06  Probe  
  88  6:10  Observer (Chrono Boost), Gateway  
  89  6:14  Gateway  
  89  6:16  Probe  
  89  6:17  Probe, Pylon  
  91  6:18  Pylon  
  91  6:22  Gateway  
  91  6:23  Gateway, Probe  
  92  6:28  Colossus (Chrono Boost)  
  92  6:30  Protoss Ground Weapons Level 1 (Chrono Boost)  
  92  6:32  Probe  
  99  6:39  Sentry  
  101  6:41  Zealot x2, Pylon  
  101  6:43  Probe  
  101  6:46  Extended Thermal Lance  
  106  6:47  Pylon  
  106  6:48  Probe  
  107  6:58  Stalker  
  109  7:02  Stalker x3  
  109  7:07  Probe  
  113  7:10  Zealot  
  113  7:11  Zealot  
  118  7:15  Probe x2  
  118  7:19  Probe  
  118  7:22  Pylon  
  120  7:25  Pylon  
  120  7:27  Pylon  
  120  7:30  Pylon x2  
  120  7:33  Nexus  
  120  7:38  Colossus (Chrono Boost)  
  120  7:40  Gateway, Pylon  
  120  7:42  Pylon  
  126  7:47  Zealot x3  
  130  7:54  Photon Cannon  
  130  7:57  Forge, Probe  
  131  7:58  Assimilator  
  131  8:04  Zealot  
  133  8:06  Templar Archives  
  133  8:09  Probe x2  
  135  8:15  Shield Battery  
  135  8:17  Zealot x2, Photon Cannon  
  135  8:18  Zealot  
  135  8:19  Protoss Ground Weapons Level 2 (Chrono Boost), Colossus (Chrono Boost)  
  139  8:21  Observer  
  145  8:29  Probe x2  
  145  8:32  Probe  
  148  8:44  Protoss Ground Armor Level 1 (Chrono Boost), Pylon  
  148  8:45  Probe  
  148  8:47  Probe  
  143  8:56  Zealot x6  
  143  8:57  Zealot x2  
  159  9:04  Pylon  
  159  9:07  Warp Prism  
  159  9:11  Photon Cannon  
  161  9:17  High Templar x4  
  161  9:18  Zealot x4  
  161  9:22  Photon Cannon  
  161  9:23  Archon  
  177  9:27  Pylon  
  177  9:28  Archon  
  177  9:37  Nexus  
  177  9:39  Pylon  
  177  9:50  Observer  
  178  9:53  Zealot x2, Stalker  
  178  9:57  Stalker  
  182  10:04  Probe  
  181  10:13  Zealot x6  
  193  10:18  Probe  
  193  10:19  Shield Battery  
  193  10:21  Photon Cannon  
  194  10:22  Gateway, Pylon  
  194  10:24  Gateway  
  194  10:33  Observer  
  194  10:36  High Templar  
  194  10:37  High Templar, Zealot  
  194  10:41  Robotics Facility, Photon Cannon  
  194  10:42  Robotics Facility, Archon  
  197  10:51  Zealot x2  
  197  10:52  Zealot x3  
  173  11:02  Zealot  
  110  11:12  Zealot x5  
  110  11:15  Zealot  
  110  11:16  Zealot  
Show
View Real Time Build Order
Export as new Build Order

ONSYDERyung Terran 

Build Orders: Cyclone Opening 

Get SALT Encoding   

  12  0:00  SCV  
  13  0:12  SCV  
  14  0:17  Supply Depot  
  14  0:24  SCV  
  15  0:38  SCV  
  15  0:40  Barracks  
  16  0:43  Refinery  
  16  0:50  SCV  
  16  0:52  Refinery  
  17  1:02  SCV  
  18  1:15  SCV  
  19  1:26  Reaper  
  19  1:27  Orbital Command  
  19  1:29  Supply Depot  
  20  1:41  Factory  
  20  1:53  SCV  
  21  1:59  Barracks Reactor  
  21  2:05  SCV  
  22  2:15  Command Center  
  22  2:17  SCV  
  23  2:25  Cyclone  
  23  2:29  SCV  
  26  2:39  Barracks  
  26  2:42  SCV  
  27  2:44  Marine x2  
  27  2:48  Supply Depot  
  29  2:54  SCV  
  30  3:01  Barracks  
  30  3:07  SCV  
  30  3:12  Marine x2  
  33  3:20  SCV  
  34  3:30  Barracks Tech Lab  
  34  3:32  SCV, Engineering Bay  
  34  3:33  Marine x2  
  37  3:44  SCV  
  37  3:47  Orbital Command  
  38  3:48  Barracks Tech Lab  
  38  3:50  Stimpack  
  38  3:51  Marine  
  38  3:52  Marine  
  40  3:57  SCV  
  40  4:00  Terran Infantry Weapons Level 1  
  41  4:08  Bunker  
  41  4:09  SCV  
  42  4:12  Combat Shield  
  42  4:20  SCV  
  42  4:21  SCV  
  44  4:25  Marauder x2  
  44  4:27  Marine  
  44  4:29  Marine  
  50  4:36  Supply Depot  
  50  4:37  SCV  
  50  4:38  SCV  
  52  4:42  Supply Depot  
  52  4:50  SCV  
  52  4:51  SCV  
  54  4:54  Factory Reactor, Starport  
  54  5:01  Marauder  
  54  5:03  Marauder  
  54  5:05  Marine x2  
  60  5:10  SCV x2  
  62  5:15  Supply Depot  
  62  5:22  SCV x2  
  62  5:25  Marine x2  
  62  5:26  Marauder x2  
  69  5:35  Supply Depot  
  69  5:37  Medivac x2  
  69  5:39  Factory Reactor  
  69  5:40  Supply Depot  
  69  5:41  SCV, Supply Depot  
  69  5:42  SCV, Refinery  
  75  5:47  Marine x2  
  76  5:50  Marauder  
  80  5:57  Marauder  
  80  5:58  SCV x2  
  81  6:05  Marine x2, Supply Depot x2  
  83  6:14  Medivac x2  
  83  6:15  Command Center  
  87  6:19  Widow Mine  
  87  6:20  Marine x2, Widow Mine  
  87  6:22  SCV  
  87  6:23  Refinery  
  94  6:26  Marine, SCV  
  94  6:27  Marine  
  94  6:30  Terran Infantry Armor Level 1  
  97  6:39  Barracks  
  97  6:42  SCV  
  97  6:43  Barracks  
  97  6:45  Widow Mine x2  
  102  6:47  Marine  
  102  6:48  Marine  
  102  6:54  Marauder x2  
  107  6:58  SCV x2  
  109  7:05  Concussive Shells  
  109  7:15  Supply Depot  
  109  7:17  Marine, Supply Depot  
  110  7:27  Marauder x2, Widow Mine x2, SCV x2, Marine  
  110  7:29  Medivac x2  
  125  7:38  Barracks Reactor  
  125  7:39  Barracks Tech Lab, SCV x2  
  127  7:46  Engineering Bay  
  127  7:47  Armory  
  127  7:48  Marine x2  
  129  7:53  SCV x2  
  129  7:56  Orbital Command  
  129  8:00  Viking  
  129  8:02  Viking  
  133  8:06  Marauder  
  133  8:10  Supply Depot  
  133  8:11  SCV x2  
  137  8:24  Marauder x2  
  141  8:29  Supply Depot  
  141  8:30  Supply Depot  
  141  8:31  SCV x3, Supply Depot  
  142  8:42  Marine x4  
  142  8:46  Terran Infantry Weapons Level 2, Terran Infantry Armor Level 2, Marauder x2  
  142  8:47  Marauder  
  152  8:50  Refinery x2  
  152  8:59  Viking x2, SCV  
  152  9:00  SCV x2  
  159  9:07  Widow Mine x2, Ghost Academy  
  163  9:10  Missile Turret  
  163  9:13  Marine x4  
  163  9:14  Marauder  
  163  9:15  Marauder x2  
  173  9:20  Bunker  
  173  9:21  SCV x2  
  173  9:22  SCV  
  176  9:32  Supply Depot  
  176  9:33  Supply Depot  
  176  9:36  Marine x2  
  176  9:37  Marine x2  
  180  9:48  Ghost  
  180  9:53  Ghost x2  
  180  9:59  Viking x2  
  186  10:04  SCV  
  186  10:05  Sensor Tower  
  186  10:06  Barracks  
  187  10:08  Barracks  
  187  10:09  Marine x4  
  187  10:10  Barracks  
  189  10:22  Command Center  
  189  10:35  Ghost x3  
  190  10:55  Marine x4  
  165  11:02  Marine x2  

Tags
 
Add a new tag
Caveats
  • Supply blocks, unpowered buildings, or Contaminate may cause inaccurate times.
  • Supply counts are checked every 10 seconds.